 Dungeon Crawl Stone Soup version 0.26.1-10-gdfb7c7de75 (webtiles) character file.

Game seed: 10394175023144732003

626 Almogavar the Conjurer (level 7, -7/38 HPs)
             Began as a Deep Elf Conjurer on Apr 7, 2021.
             Was an Initiate of Sif Muna.
             Killed from afar by an orc wizard (10 damage)
             ... with a magic dart
             ... on level 5 of the Dungeon.
             The game lasted 00:20:10 (5720 turns).

Almogavar the Conjurer (Deep Elf Conjurer)          Turns: 5720, Time: 00:20:11

Health: -7/38      AC:  5    Str:  4    XL:     7   Next: 23%
Magic:  10/17      EV: 12    Int: 25    God:    Sif Muna [......]
Gold:   239        SH:  0    Dex: 13    Spells: 14/17 levels left

rFire    . . .     SeeInvis +   s - +0 short sword (venom)
rCold    . . .     Faith    .   (no shield)
rNeg     . . .     Spirit   .   d - +0 leather armour
rPois    .         Reflect  .   (no helmet)
rElec    .         Harm     .   (no cloak)
rCorr    .         Rampage  .   i - +0 pair of gloves
Will     .....                  k - +0 pair of boots
Stlth    ++........             (no amulet)
HPRegen  0.12/turn              n - ring of see invisible
MPRegen  0.15/turn              (no ring)

@: no status effects
A: no striking features
a: Renounce Religion


You were on level 5 of the Dungeon.
You worshipped Sif Muna.
Sif Muna was noncommittal.
You visited 2 branches of the dungeon, and saw 6 of its levels.

You collected 239 gold pieces.

Inventory:

Hand Weapons
 s - a +0 short sword of venom (weapon)
 u - a +0 dagger of holy wrath
Armour
 d - a +0 leather armour (worn)
 i - a +0 pair of gloves (worn)
 k - a +0 pair of boots (worn)
Magical Staves
 h - an uncursed staff of earth
Jewellery
 n - a ring of see invisible (left hand)
Wands
 f - a wand of random effects (10)
Scrolls
 c - a scroll of teleportation
 g - 2 scrolls of amnesia {unknown}
 l - a scroll of fear
 m - a scroll of enchant armour {unknown}
 r - 2 scrolls of enchant weapon {unknown}
 w - 3 scrolls of immolation {unknown}
Potions
 b - 2 potions of might
 e - 2 potions of resistance
 j - a potion of flight
 o - a potion of heal wounds {unknown}
 p - a potion of cancellation {unknown}
 q - a potion of attraction {unknown}
 t - a potion of lignification {unknown}


   Skills:
 + Level 1.1 Fighting
 + Level 1.0 Short Blades
 + Level 1.9 Armour
 + Level 3.6 Dodging
 + Level 3.2 Stealth
 + Level 5.9 Spellcasting
 + Level 7.0 Conjurations


You had 14 spell levels left.
You knew the following spells:

 Your Spells              Type           Power        Failure   Level
a - Magic Dart            Conj           100%         1%          1
b - Searing Ray           Conj           84%          1%          2

Your spell library contained the following spells:

 Spells                   Type           Power        Failure   Level
 Dazzling Flash           Conj/Hex       50%          9%          3
 Beastly Appendage        Tmut           14%          13%         1
 Wereblood                Tmut           7%           21%         2
 Fulminant Prism          Conj/Hex       12%          30%         4
 Iskenderun's Mystic Bla  Conj/Tloc      25%          30%         4
 Spider Form              Tmut/Pois      3%           36%         3
 Ice Form                 Ice/Tmut       7%           78%         4
 Blade Hands              Tmut           3%           98%         5


Dungeon Overview and Level Annotations

Branches:
Dungeon (5/15)             Temple (1/1) D:4

Altars:
Cheibriados
Dithmenos
Elyvilon
Fedhas
Gozag
Hepliaklqana
Kikubaaqudgha
Makhleb
Nemelex Xobeh
Okawaru
Qazlal
Ru
Sif Muna
Trog
Uskayaw
Vehumet
Xom
Yredelemnul
Zin
The Shining One

Shops:
D:5 :


Message History

The orc wizard hits you with a +4 dagger.
The orc wizard hits you but does no damage.
You hit the orc wizard but do no damage.
The orc wizard is almost dead.
The orc wizard hits you with a +4 dagger.
* * * LOW HITPOINT WARNING * * *
You hit the orc wizard but do no damage.
The orc wizard is poisoned.
The orc wizard is almost dead.
The orc wizard points at you and mumbles some strange words.
The magic dart hits you!
* * * LOW HITPOINT WARNING * * *
The orc wizard casts a spell at you. The puff of flame misses you.
You hit the orc wizard but do no damage.
The orc wizard looks even sicker.
The orc wizard is almost dead.
The orc wizard gestures at you while chanting.
The magic dart hits you!
You die...

#.####### #........
..... #........ ......
#........ ........
#)....... #Y#.....
#........ #.######
#........ #.# ##........
#.######## #.o.......
#........# #.@.......
#........# #...........
#...†....# ###.........
#........# #.........
#........# #.........
.........# #.........
#........######.........
.....(...##...#.........
..#.............#.######


You could see an orc wizard (fast, invisible, very poisoned).

Vanquished Creatures
  An ogre (D:4)
  A water moccasin skeleton (D:5)
  A howler monkey (D:5)
  2 hounds
  An orc priest (D:3)
  4 iguanas
  2 worker ants (D:4)
  A hound skeleton (D:4)
  4 gnolls (D:4)
  2 howler monkey skeletons (D:4)
  5 adders
  An ooze (D:1)
  A dart slug (D:3)
  2 worms (D:2)
  3 leopard geckos
  6 orcs
  3 ball pythons
  6 giant cockroaches
  5 goblins
  6 hobgoblins
  10 jackals
  4 quokkas
  5 bats
  11 frilled lizards
  9 kobolds
  9 rats
105 creatures vanquished.

Vanquished Creatures (others)
  9 plants (D:3)
9 creatures vanquished.

Grand Total: 114 creatures vanquished

Notes
Turn   | Place    | Note
-------+----------+-------------------------------------------
     0 | D:1      | Almogavar the Deep Elf Conjurer began the quest for the
                  | Orb.
     0 | D:1      | Reached XP level 1. HP: 10/10 MP: 6/6
   336 | D:1      | Reached XP level 2. HP: 15/15 MP: 4/8
   559 | D:1      | Reached skill level 5 in Conjurations
   838 | D:2      | Reached XP level 3. HP: 19/19 MP: 3/9
  1260 | D:2      | Reached XP level 4. HP: 24/24 MP: 3/11
  2078 | D:3      | Reached skill level 6 in Conjurations
  2668 | D:3      | Reached XP level 5. HP: 28/28 MP: 2/13
  2831 | D:3      | Reached skill level 1 in Armour
  3245 | D:4      | Reached XP level 6. HP: 30/32 MP: 7/15
  3434 | D:4      | Reached skill level 5 in Spellcasting
  3813 | D:4      | Reached skill level 1 in Fighting
  4345 | D:4      | Found a staircase to the Ecumenical Temple.
  4374 | Temple   | Entered the Ecumenical Temple
  4573 | Temple   | Became a worshipper of Sif Muna the Loreminder
  4951 | D:5      | Entered Level 5 of the Dungeon
  4961 | D:5      | Reached XP level 7. HP: 31/38 MP: 10/17
  5023 | D:5      | Learned a level 2 spell: Searing Ray
  5027 | D:5      | Found Zuonus's Book Boutique.
  5073 | D:5      | Reached skill level 7 in Conjurations
  5084 | D:5      | Reached skill level 1 in Short Blades
  5720 | D:5      | Killed from afar by an orc wizard

Illustrated notes

Levels and vault maps discovered:
D:1:      saegor_arrival_simple_c, layout_basic, minmay_misc_feat_nine_boxes,
          minmay_crystal_water, hex_tiny, minmay_misc_feat_pillars
D:2:      layout_loops_ring
D:3:      layout_loops_ring, minmay_lizard_king
D:4:      layout_basic, minmay_temple_entry_slanted, serial_corexii_hall,
          corexii_hall_statues_t, chequers_hall_statues_y,
          corexii_hall_statues_l, chequers_hall_statues_y
D:5:      layout_basic, gammafunk_ghost_hive, serial_shops, kennysheep_mini,
          grunt_decor_arrowhead
Temple:   minmay_crystal_snake_temple

Skill      XL: |  1  2  3  4  5  6  7 |
---------------+----------------------+-----
Conjurations   | 5 6 7 |  7.0
Stealth        | 3 |  3.2
Spellcasting   | 4 5 |  5.9
Armour         | 1 |  1.9
Dodging        | 3 |  3.6
Fighting       | 1 |  1.1
Short Blades   | 1 |  1.0

Action                   |  1- 3 |  4- 6 |  7- 9 || total
-------------------------+-------+-------+-------++-------
Melee: Dagger            |     7 |    39 |       ||    46
       Short sword       |       |    28 |    18 ||    46
       Staff             |       |       |     1 ||     1
 Cast: Magic Dart        |    56 |   162 |    39 ||   257
       Searing Ray       |       |       |     2 ||     2
  Use: Scroll            |     4 |     6 |     1 ||    11
       Potion            |       |     1 |       ||     1
Armor: Leather armour    |     9 |    19 |     4 ||    32
Dodge: Dodged            |     5 |    53 |    13 ||    71
